Map: [ESL] Goldenaura

Players

Cham

  • Race: Zerg Zerg
  • Spawn Location: 5:00

Scarlett - Winner!

  • Race: Zerg Zerg
  • Spawn Location: 12:00

Event: ESL SC2 Masters 2024 Spring (Regional)

VOD

Have the link to the VOD?

Description

Time

  • Played on: April 14, 2024, 2:37 p.m.
  • Length: 9:11

All games in this series

Show
View Real Time Build Order
Export as new Build Order

Cham Zerg 

Build Orders: Hatch First 

Get SALT Encoding   

  12  0:00  Drone  
  13  0:12  Overlord  
  13  0:16  Drone  
  14  0:30  Drone x2  
  16  0:49  Hatchery  
  15  0:51  Drone  
  15  0:54  Drone  
  17  1:09  Spawning Pool  
  16  1:12  Drone  
  16  1:16  Extractor  
  16  1:17  Drone  
  17  1:20  Drone  
  18  1:28  Drone  
  19  1:39  Drone  
  20  1:49  Drone  
  21  2:00  Drone  
  21  2:01  Queen x2  
  24  2:02  Drone  
  27  2:11  Overlord  
  27  2:13  Drone  
  28  2:17  Metabolic Boost  
  28  2:29  Drone x2  
  30  2:33  Hatchery  
  29  2:41  Queen  
  31  2:49  Drone  
  31  2:50  Baneling Nest  
  31  2:53  Overlord  
  31  2:59  Drone x2  
  31  3:01  Zergling x2  
  31  3:04  Zergling x2  
  35  3:09  Drone  
  36  3:13  Drone x3  
  36  3:15  Zergling x2  
  36  3:19  Zergling x2  
  42  3:20  Zergling x2  
  42  3:23  Drone  
  42  3:26  Overlord  
  43  3:32  Drone  
  44  3:35  Roach Warren  
  44  3:36  Extractor  
  44  3:38  Drone  
  43  3:42  Drone  
  43  3:44  Overlord  
  43  3:45  Drone  
  43  3:47  Drone  
  46  3:50  Baneling  
  46  3:52  Zergling x4  
  47  3:55  Overlord  
  47  4:05  Drone x2  
  47  4:06  Drone  
  47  4:08  Overlord  
  52  4:17  Roach x5  
  52  4:21  Roach  
  52  4:22  Roach  
  64  4:29  Roach  
  64  4:30  Roach  
  64  4:31  Roach  
  70  4:32  Roach  
  70  4:36  Overlord  
  72  4:42  Roach x2  
  75  4:45  Overlord  
  75  4:46  Roach  
  75  4:52  Zergling x8  
  81  4:57  Zergling x6  
  81  4:59  Zergling x2  
  85  5:00  Zergling x2  
  86  5:08  Zergling x8  
  86  5:10  Drone  
  86  5:12  Baneling, Drone  
  86  5:13  Baneling  
  90  5:15  Drone  
  90  5:17  Overlord  
  90  5:20  Drone x2  
  93  5:26  Drone x2  
  88  5:29  Drone  
  88  5:31  Drone x2  
  88  5:33  Drone  
  81  5:36  Drone x2  
  81  5:37  Drone x2  
  81  5:41  Lair  
  84  5:44  Drone x2  
  84  5:45  Drone  
  84  5:47  Drone  
  84  5:48  Drone  
  89  5:50  Extractor  
  89  5:52  Extractor, Drone, Evolution Chamber  
  89  5:54  Drone  
  88  5:59  Extractor, Overlord  
  88  6:01  Extractor, Drone  
  88  6:04  Drone  
  88  6:08  Drone x3  
  88  6:09  Drone x2  
  88  6:10  Drone  
  94  6:12  Roach x2  
  94  6:13  Roach  
  94  6:15  Roach  
  94  6:16  Roach  
  94  6:18  Roach  
  106  6:22  Roach  
  106  6:23  Roach  
  110  6:27  Roach  
  110  6:32  Roach  
  109  6:35  Roach  
  109  6:37  Roach  
  109  6:38  Roach  
  109  6:39  Roach x2  
  104  6:43  Spire  
  96  6:48  Queen x3  
  103  6:54  Drone  
  103  6:57  Drone x5  
  108  7:03  Zerg Missile Weapons Level 1  
  108  7:05  Overlord  
  108  7:07  Glial Reconstitution  
  108  7:09  Drone x2  
  110  7:21  Hatchery  
  109  7:23  Overlord, Drone x3  
  109  7:27  Overlord  
  112  7:40  Queen  
  112  7:41  Overlord  
  114  7:45  Overlord  
  114  7:46  Roach x2  
  114  7:47  Roach, Drone  
  114  7:50  Roach  
  123  7:54  Overlord  
  123  7:58  Mutalisk  
  125  7:59  Mutalisk x3  
  125  8:00  Mutalisk x3  
  125  8:05  Mutalisk x2, Overlord  
  137  8:08  Mutalisk  
  137  8:10  Overlord  
  143  8:13  Mutalisk  
  143  8:15  Overlord  
  145  8:21  Overlord  
  145  8:30  Roach x3  
  145  8:31  Roach x2  
  145  8:36  Roach x2  
  145  8:37  Roach  
  145  8:38  Roach x2  
  145  8:39  Roach  
  145  8:40  Roach x2  
  145  8:41  Roach  
  139  8:43  Roach x2  
  139  8:47  Roach x2  
  123  8:49  Roach  
Show
View Real Time Build Order
Export as new Build Order

Scarlett Zerg - Winner!

Build Orders: Hatch First 

Get SALT Encoding   

  12  0:00  Drone  
  13  0:12  Overlord  
  13  0:17  Drone  
  14  0:30  Drone x2  
  16  0:47  Hatchery  
  15  0:51  Drone  
  15  0:54  Drone  
  17  0:58  Drone  
  18  1:09  Extractor  
  17  1:13  Spawning Pool  
  17  1:16  Drone  
  17  1:20  Drone  
  18  1:27  Drone  
  19  1:38  Drone  
  20  1:49  Drone  
  21  1:59  Queen x2  
  21  2:00  Zergling x2, Overlord  
  26  2:09  Metabolic Boost  
  26  2:11  Drone x2  
  28  2:22  Drone x2  
  30  2:33  Drone x2  
  32  2:38  Hatchery  
  31  2:45  Queen  
  31  2:49  Overlord  
  33  2:53  Drone  
  33  2:56  Drone  
  35  2:59  Drone  
  36  3:07  Overlord  
  36  3:08  Drone x3  
  36  3:09  Drone  
  36  3:11  Drone  
  41  3:14  Drone  
  41  3:15  Drone  
  43  3:20  Evolution Chamber  
  43  3:25  Zergling x4  
  44  3:34  Drone x2  
  46  3:39  Drone x3  
  49  3:41  Drone x3  
  49  3:45  Zerg Missile Weapons Level 1  
  52  3:48  Roach Warren  
  52  3:53  Lair  
  52  3:54  Drone x2  
  53  3:57  Extractor  
  53  3:58  Zergling x4  
  53  4:00  Extractor  
  53  4:05  Drone  
  53  4:08  Drone x2, Overlord  
  56  4:13  Drone x2  
  56  4:14  Overlord  
  56  4:16  Overlord  
  58  4:24  Overlord  
  58  4:28  Drone x6  
  64  4:33  Overlord  
  64  4:43  Zergling x10  
  68  4:50  Drone  
  68  4:51  Drone x3  
  72  4:54  Spine Crawler  
  72  4:55  Roach  
  72  4:56  Spine Crawler  
  72  4:57  Roach  
  72  4:59  Roach  
  76  5:02  Roach x3  
  76  5:04  Roach x3  
  88  5:09  Spine Crawler  
  88  5:10  Roach x2  
  88  5:12  Roach  
  91  5:16  Roach x2  
  91  5:17  Overlord  
  95  5:24  Roach  
  95  5:26  Roach x2  
  94  5:30  Roach  
  98  5:35  Roach x6  
  98  5:41  Queen  
  101  5:46  Zerg Missile Weapons Level 2  
  101  5:47  Drone  
  101  5:48  Drone x3  
  101  5:49  Evolution Chamber  
  104  5:50  Drone  
  104  5:52  Extractor  
  104  5:53  Extractor  
  104  5:54  Extractor  
  102  6:00  Drone  
  102  6:01  Drone x3  
  106  6:07  Overlord x2  
  106  6:10  Overlord  
  106  6:11  Overlord  
  106  6:13  Overlord x2  
  106  6:16  Overlord x2  
  106  6:19  Zerg Ground Armor Level 1  
  106  6:24  Overlord  
  106  6:30  Drone x6  
  106  6:32  Drone x3  
  97  6:41  Roach x3  
  89  6:47  Roach  
  89  6:48  Roach  
  89  6:51  Roach x3  
  97  6:55  Roach x3  
  97  6:59  Glial Reconstitution  
  103  7:01  Hatchery  
  103  7:03  Overseer  
  102  7:10  Roach x3  
  102  7:11  Pneumatized Carapace  
  102  7:13  Roach  
  102  7:14  Ravager  
  102  7:15  Ravager x3  
  114  7:19  Roach  
  114  7:20  Roach x3  
  114  7:22  Roach  
  124  7:28  Roach x4  
  134  7:37  Roach x5  
  142  7:45  Roach  
  142  7:46  Roach  
  142  7:49  Roach x4  
  154  8:01  Roach x8  
  154  8:03  Ravager x3  
  173  8:10  Roach x2  
  177  8:18  Overlord x2  
  177  8:20  Roach x3  
  177  8:35  Hydralisk Den  
  177  8:37  Roach x10  
Tags
 
Add a new tag
Caveats
  • Supply blocks, unpowered buildings, or Contaminate may cause inaccurate times.
  • Supply counts are checked every 10 seconds.